TOP OF THE 1ST |
Charleston RiverDogs batting - Pitching for Beloit Snappers : LHP Jimmy Ford
|
Pitching: LHP Jimmy Ford
|
|
Batting: RHB Miguel Leal
|
0-0: Called Strike 0-1: Foul Ball, location: 2F 0-2: Strikes out swinging, 2-3 out at first.
|
Batting: SHB Blake Abbott
|
0-0: Called Strike 0-1: Swinging Strike 0-2: Ball 1-2: Ball 2-2: Ball 3-2: SINGLE (Line Drive, 56D, EV 95.0 MPH)
|
Batting: RHB James Boynton
|
0-0: Ball 1-0: Called Strike 1-1: Grounds into double play, 4-6-3 (Groundball, 13, EV 83.1 MPH)
|
Top of the 1st over - 0 runs, 1 hit, 0 errors, 0 left on base; Charleston 0 - Beloit 0 |
BOTTOM OF THE 1ST |
Beloit Snappers batting - Pitching for Charleston RiverDogs : LHP Dan Clausing
|
Pitching: LHP Dan Clausing
|
|
Batting: RHB Lu Tieh
|
0-0: Swinging Strike 0-1: Called Strike 0-2: Ball 1-2: Ball 2-2: DOUBLE (Line Drive, 7LM, EV 105.6 MPH)
|
Batting: RHB Matt Sherard
|
0-0: SINGLE (Line Drive, 8LS, EV 105.0 MPH) Lu Tieh to third Runner from 3rd tries for Home, throw by CF and OUT! 8-2
|
Batting: RHB Josh Sinden
|
0-0: Called Strike Matt Sherard is caught stealing 2nd base 2-4 0-1: Ball 1-1: SINGLE (Flyball, 56D, EV 93.8 MPH)
|
Batting: RHB Manny Vizzerra
|
0-0: Called Strike 0-1: Ball 1-1: 2-RUN HOME RUN (Flyball, 78XD, EV 105.0 MPH), Distance : 411 ft
|
Batting: RHB Scott Wiggs
|
0-0: Ball 1-0: Foul Ball, location: 2F 1-1: Foul Ball, location: 2F 1-2: Ball 2-2: Ball 3-2: Base on Balls
|
Batting: RHB Dave Vezina
|
0-0: Ball 1-0: Called Strike 1-1: Foul Ball, location: 2F 1-2: Strikes out swinging
|
Bottom of the 1st over - 2 runs, 4 hits, 0 errors, 1 left on base; Charleston 0 - Beloit 2 |
TOP OF THE 2ND |
Charleston RiverDogs batting - Pitching for Beloit Snappers : LHP Jimmy Ford
|
Batting: RHB Brandon Lemay
|
0-0: Foul Ball, location: 2F 0-1: Called Strike 0-2: Ball 1-2: SINGLE (Line Drive, 4M, EV 95.6 MPH)
|
Batting: SHB Reagan Dudley
|
0-0: Ball 1-0: Swinging Strike 1-1: Ball 2-1: Ball 3-1: Fly out, F9 (Flyball, 9D, EV 86.3 MPH)
|
Batting: RHB Herb Craig
|
0-0: Foul Ball, location: 2F 0-1: Ball 1-1: Foul Ball, location: 2F 1-2: Ball 2-2: Ground out U3 (Groundball, 3S, EV 65.0 MPH) Brandon Lemay to second
|
Batting: RHB Riley Nasiir
|
0-0: Ball 1-0: Ball 2-0: Ball 3-0: Foul Ball, location: 2F 3-1: SINGLE (Line Drive, 7S, EV 91.9 MPH) Brandon Lemay to third
|
Batting: SHB Bobby Reynolds
|
0-0: Ball 1-0: Swinging Strike 1-1: Ball 2-1: Foul Ball, location: 2F 2-2: Ball 3-2: Foul Ball, location: 2F 3-2: Fly out, F9 (Flyball, 9, EV 93.1 MPH)
|
Top of the 2nd over - 0 runs, 2 hits, 0 errors, 2 left on base; Charleston 0 - Beloit 2 |
BOTTOM OF THE 2ND |
Beloit Snappers batting - Pitching for Charleston RiverDogs : LHP Dan Clausing
|
Batting: RHB Rick Linders
|
0-0: Called Strike 0-1: Swinging Strike 0-2: Ball 1-2: Ball 2-2: SINGLE (Groundball, 34, EV 100.0 MPH)
|
Batting: RHB Travis Lanctot
|
0-0: Ball 1-0: Swinging Strike 1-1: Ball 2-1: Foul Ball, location: 2F 2-2: Strikes out looking
|
Batting: RHB Justin Menotti
|
0-0: Called Strike 0-1: Ball 1-1: Ball 2-1: Fly out, F9 (Flyball, 9D, EV 105.0 MPH)
|
Batting: RHB Lu Tieh
|
0-0: Ball 1-0: Foul Ball, location: 2F 1-1: Called Strike 1-2: Foul Ball, location: 2F 1-2: Strikes out swinging
|
Bottom of the 2nd over - 0 runs, 1 hit, 0 errors, 1 left on base; Charleston 0 - Beloit 2 |
TOP OF THE 3RD |
Charleston RiverDogs batting - Pitching for Beloit Snappers : LHP Jimmy Ford
|
Batting: RHB Carlos Guadarrama
|
0-0: Ball 1-0: Ball 2-0: Foul Ball, location: 2F 2-1: Ball 3-1: Called Strike 3-2: Ground out 6-3 (Groundball, 6, EV 76.9 MPH)
|
Batting: RHB Miguel Leal
|
0-0: Called Strike 0-1: Ball 1-1: Ground out 5-3 (Groundball, 56S, EV 73.8 MPH)
|
Batting: SHB Blake Abbott
|
0-0: Ball 1-0: Foul Ball, location: 2F 1-1: Swinging Strike 1-2: Ball 2-2: Foul Ball, location: 2F 2-2: Fly out, F8 (Flyball, 8LD, EV 100.0 MPH)
|
Top of the 3rd over - 0 runs, 0 hits, 0 errors, 0 left on base; Charleston 0 - Beloit 2 |
BOTTOM OF THE 3RD |
Beloit Snappers batting - Pitching for Charleston RiverDogs : LHP Dan Clausing
|
Batting: RHB Matt Sherard
|
0-0: Called Strike 0-1: Ball 1-1: Called Strike 1-2: Foul Ball, location: 2F 1-2: Strikes out swinging
|
Batting: RHB Josh Sinden
|
0-0: Ground out 5-3 (Groundball, 5, EV 90.0 MPH)
|
Batting: RHB Manny Vizzerra
|
0-0: Ball 1-0: Foul Ball, location: 2F 1-1: Ball 2-1: Foul Ball, location: 2F 2-2: SOLO HOME RUN (Flyball, 7D, EV 105.6 MPH), Distance : 395 ft
|
Batting: RHB Scott Wiggs
|
0-0: Called Strike 0-1: Ball 1-1: Called Strike 1-2: Strikes out swinging
|
Bottom of the 3rd over - 1 run, 1 hit, 0 errors, 0 left on base; Charleston 0 - Beloit 3 |
TOP OF THE 4TH |
Charleston RiverDogs batting - Pitching for Beloit Snappers : LHP Jimmy Ford
|
Batting: RHB James Boynton
|
0-0: Called Strike 0-1: Ball 1-1: Ball 2-1: Ball 3-1: Base on Balls
|
Batting: RHB Brandon Lemay
|
0-0: DOUBLE (Line Drive, 7LM, EV 106.9 MPH) James Boynton to third
|
Batting: SHB Reagan Dudley
|
0-0: Foul Ball, location: 2F 0-1: Ground out 6-3 (Groundball, 6S, EV 90.6 MPH) James Boynton scores Brandon Lemay to third
|
Batting: RHB Herb Craig
|
0-0: Ball 1-0: Swinging Strike 1-1: Swinging Strike 1-2: Ball 2-2: SINGLE (Groundball, 34S, EV 69.4 MPH) (infield hit)
|
Batting: RHB Riley Nasiir
|
0-0: Ball 1-0: Ball 2-0: Foul Ball, location: 2F 2-1: Ball 3-1: Called Strike 3-2: Strikes out looking
|
Batting: SHB Bobby Reynolds
|
0-0: Ball 1-0: Ball 2-0: DOUBLE (Line Drive, 89XD, EV 99.4 MPH) Brandon Lemay scores Herb Craig to third
|
Batting: RHB Carlos Guadarrama
|
0-0: Called Strike 0-1: Ball 1-1: Foul Ball, location: 2F 1-2: SINGLE (Line Drive, 8RS, EV 105.0 MPH) Herb Craig scores Bobby Reynolds to third Runner from 3rd tries for Home, SAFE, throw by CF to home
|
Pitching: LHP Mike Pereira
|
|
Batting: RHB Miguel Leal
|
0-0: Ball 1-0: Called Strike 1-1: Ball Wild Pitch! Carlos Guadarrama to second 2-1: Swinging Strike 2-2: Foul Ball, location: 2F 2-2: Strikes out looking
|
Top of the 4th over - 4 runs, 4 hits, 0 errors, 1 left on base; Charleston 4 - Beloit 3 |
BOTTOM OF THE 4TH |
Beloit Snappers batting - Pitching for Charleston RiverDogs : LHP Dan Clausing
|
Batting: RHB Dave Vezina
|
0-0: Foul Ball, location: 2F 0-1: Called Strike 0-2: Foul Ball, location: 2F 0-2: Ball 1-2: Ball 2-2: Ball 3-2: Base on Balls
|
Batting: RHB Rick Linders
|
0-0: Foul Ball, location: 2F 0-1: Called Strike 0-2: Ball 1-2: Ball 2-2: Strikes out swinging
|
Batting: RHB Travis Lanctot
|
0-0: Called Strike 0-1: Foul Ball, location: 2F 0-2: Strikes out swinging
|
Batting: RHB Justin Menotti
|
0-0: Ball 1-0: Ball 2-0: Fielders Choice at 2nd, 6-4 (Groundball, 6, EV 84.4 MPH)
|
Bottom of the 4th over - 0 runs, 0 hits, 0 errors, 1 left on base; Charleston 4 - Beloit 3 |
TOP OF THE 5TH |
Charleston RiverDogs batting - Pitching for Beloit Snappers : LHP Mike Pereira
|
Batting: SHB Blake Abbott
|
0-0: Called Strike 0-1: Ball 1-1: Ball 2-1: Foul Ball, location: 2F 2-2: Fly out, F8 (Line Drive, 8RD, EV 88.1 MPH)
|
Batting: RHB James Boynton
|
0-0: Called Strike 0-1: Ball 1-1: Ball 2-1: SINGLE (Groundball, 56D, EV 103.1 MPH)
|
Batting: RHB Brandon Lemay
|
0-0: Ball James Boynton steals 2nd base 1-0: Ground out 5-3 (Groundball, 5S, EV 67.5 MPH) James Boynton to third
|
Batting: SHB Reagan Dudley
|
0-0: Ball 1-0: Fly out, F6 (Flyball, 6MD, EV 81.9 MPH)
|
Top of the 5th over - 0 runs, 1 hit, 0 errors, 1 left on base; Charleston 4 - Beloit 3 |
BOTTOM OF THE 5TH |
Beloit Snappers batting - Pitching for Charleston RiverDogs : LHP Dan Clausing
|
Batting: RHB Lu Tieh
|
0-0: Ground out U3 (Groundball, 3, EV 92.5 MPH)
|
Batting: RHB Matt Sherard
|
0-0: Ball 1-0: Foul Ball, location: 2F 1-1: Ball 2-1: Ball 3-1: Swinging Strike 3-2: Base on Balls
|
Batting: RHB Josh Sinden
|
0-0: Called Strike 0-1: Foul Ball, location: 2F 0-2: Ball 1-2: Strikes out swinging
|
Batting: RHB Manny Vizzerra
|
0-0: Ball 1-0: Foul Ball, location: 2F 1-1: Ball 2-1: Ball Matt Sherard steals 2nd base 3-1: Called Strike 3-2: Ground out 4-3 (Groundball, 4, EV 106.9 MPH)
|
Bottom of the 5th over - 0 runs, 0 hits, 0 errors, 1 left on base; Charleston 4 - Beloit 3 |
TOP OF THE 6TH |
Charleston RiverDogs batting - Pitching for Beloit Snappers : LHP Mike Pereira
|
Batting: RHB Herb Craig
|
0-0: Called Strike 0-1: Foul Ball, location: 2F 0-2: Foul Ball, location: 2F 0-2: Strikes out swinging
|
Batting: RHB Riley Nasiir
|
0-0: Reached on error, E6 (Groundball, 6, EV 88.1 MPH)
|
Batting: SHB Bobby Reynolds
|
0-0: Called Strike 0-1: Foul Ball, location: 2F 0-2: Ball Riley Nasiir is caught stealing 2nd base 2-4 1-2: Fly out, F8 (Flyball, 8RM, EV 74.4 MPH)
|
Top of the 6th over - 0 runs, 0 hits, 1 error, 0 left on base; Charleston 4 - Beloit 3 |
BOTTOM OF THE 6TH |
Beloit Snappers batting - Pitching for Charleston RiverDogs : LHP Dan Clausing
|
Batting: RHB Scott Wiggs
|
0-0: Ground out 4-3 (Groundball, 4, EV 98.1 MPH)
|
Batting: RHB Dave Vezina
|
0-0: Called Strike 0-1: Foul Ball, location: 2F 0-2: Strikes out looking
|
Batting: RHB Rick Linders
|
0-0: Called Strike 0-1: Ball 1-1: Foul Ball, location: 2F 1-2: Ground out 6-3 (Groundball, 6, EV 110.0 MPH)
|
Bottom of the 6th over - 0 runs, 0 hits, 0 errors, 0 left on base; Charleston 4 - Beloit 3 |
TOP OF THE 7TH |
Charleston RiverDogs batting - Pitching for Beloit Snappers : LHP Mike Pereira
|
Pitching: RHP Ted Nevins
|
|
Batting: RHB Carlos Guadarrama
|
0-0: Called Strike 0-1: Ball 1-1: Called Strike 1-2: Ground out 6-3 (Groundball, 6, EV 89.4 MPH)
|
Batting: RHB Miguel Leal
|
0-0: DOUBLE (Line Drive, 9LS, EV 106.3 MPH)
|
Batting: SHB Blake Abbott
|
0-0: Ball 1-0: Ball 2-0: Ball 3-0: Called Strike 3-1: Base on Balls
|
Batting: RHB James Boynton
|
0-0: Ball 1-0: Foul Ball, location: 2F 1-1: Called Strike 1-2: Ball 2-2: Fly out, F7 (Line Drive, 7, EV 91.9 MPH)
|
Batting: RHB Brandon Lemay
|
0-0: Swinging Strike 0-1: Swinging Strike 0-2: Ball 1-2: Fly out, F8 (Flyball, 8RM, EV 75.0 MPH)
|
Top of the 7th over - 0 runs, 1 hit, 0 errors, 2 left on base; Charleston 4 - Beloit 3 |
BOTTOM OF THE 7TH |
Beloit Snappers batting - Pitching for Charleston RiverDogs : LHP Dan Clausing
|
Pitching: RHP Aaron Brill
|
|
Pinch Hitting: SHB D.J. Codd
|
0-0: Called Strike 0-1: TRIPLE (Line Drive, 89XD, EV 105.6 MPH)
|
Pinch Hitting: LHB Nick Pacheco
|
0-0: Called Strike 0-1: Ball 1-1: Fly out, F8 (Flyball, 8LD, EV 106.3 MPH) Runner from 3rd tags up, SCORES, throw by CF
|
Batting: RHB Lu Tieh
|
0-0: Ball 1-0: Ground out 1-3 (Groundball, 15S, EV 63.8 MPH)
|
Batting: RHB Matt Sherard
|
0-0: Ball 1-0: Ball 2-0: Called Strike 2-1: Ball 3-1: Ground out 5-3 (Groundball, 5, EV 84.4 MPH)
|
Bottom of the 7th over - 1 run, 1 hit, 0 errors, 0 left on base; Charleston 4 - Beloit 4 |
TOP OF THE 8TH |
Charleston RiverDogs batting - Pitching for Beloit Snappers : RHP Ted Nevins
|
Pitching: RHP Willie Servin
|
|
Now at 3B: Branden Mackie
|
|
Now at SS: Manny Moron
|
|
Batting: SHB Reagan Dudley
|
0-0: Called Strike 0-1: Ball 1-1: Ball 2-1: Ball 3-1: Base on Balls
|
Batting: RHB Herb Craig
|
0-0: Bunted foul 0-1: Sac Bunt to 3S - play at first, batter OUT! 3-1 Reagan Dudley to second
|
Batting: RHB Riley Nasiir
|
0-0: Ball 1-0: Foul Ball, location: 2F 1-1: DOUBLE (Line Drive, 89D, EV 110.0 MPH) Reagan Dudley scores
|
Batting: SHB Bobby Reynolds
|
0-0: Intentional Walk
|
Batting: RHB Carlos Guadarrama
|
0-0: Called Strike 0-1: Ball 1-1: Called Strike 1-2: Ball 2-2: Strikes out swinging
|
Batting: RHB Miguel Leal
|
0-0: Called Strike Riley Nasiir steals 3rd base 0-1: Ball 1-1: Fly out, F8 (Line Drive, 8RM, EV 94.4 MPH)
|
Top of the 8th over - 1 run, 1 hit, 0 errors, 2 left on base; Charleston 5 - Beloit 4 |
BOTTOM OF THE 8TH |
Beloit Snappers batting - Pitching for Charleston RiverDogs : RHP Aaron Brill
|
Pitching: RHP Gustavo Amparo
|
|
Now at 1B: Reagan Dudley
|
|
Now at 2B: Eddie Ramirez
|
|
Batting: RHB Josh Sinden
|
0-0: Ball 1-0: Swinging Strike 1-1: Ball 2-1: Ground out U3 (Groundball, 3S, EV 83.8 MPH)
|
Batting: RHB Manny Vizzerra
|
0-0: Called Strike 0-1: Called Strike 0-2: Foul Ball, location: 2F 0-2: Foul Ball, location: 2F 0-2: Fly out, F6 (Line Drive, 6, EV 65.0 MPH)
|
Batting: RHB Scott Wiggs
|
0-0: Ball 1-0: Ball 2-0: Ground out 1-3 (Groundball, 13S, EV 65.6 MPH)
|
Bottom of the 8th over - 0 runs, 0 hits, 0 errors, 0 left on base; Charleston 5 - Beloit 4 |
TOP OF THE 9TH |
Charleston RiverDogs batting - Pitching for Beloit Snappers : RHP Willie Servin
|
Pitching: RHP Jeff Sullivan
|
|
Batting: SHB Blake Abbott
|
0-0: Foul Ball, location: 2F 0-1: SOLO HOME RUN (Flyball, 9D, EV 96.3 MPH), Distance : 372 ft
|
Batting: LHB Eddie Ramirez
|
0-0: Ball 1-0: Foul Ball, location: 2F 1-1: Ball 2-1: Ground out U3 (Groundball, 34, EV 104.4 MPH)
|
Batting: RHB Brandon Lemay
|
0-0: Ground out U3 (Groundball, 34, EV 97.5 MPH)
|
Batting: SHB Reagan Dudley
|
0-0: Called Strike 0-1: Fly out, F5 (Popup, 56, EV 71.3 MPH)
|
Top of the 9th over - 1 run, 1 hit, 0 errors, 0 left on base; Charleston 6 - Beloit 4 |
BOTTOM OF THE 9TH |
Beloit Snappers batting - Pitching for Charleston RiverDogs : RHP Gustavo Amparo
|
Pitching: RHP Bruce Cruz
|
|
Batting: RHB Dave Vezina
|
0-0: Called Strike 0-1: Foul Ball, location: 2F 0-2: Ball 1-2: Ball 2-2: Ground out 6-3 (Groundball, 6, EV 87.5 MPH)
|
Batting: RHB Rick Linders
|
0-0: Fly out, F8 (Flyball, 89M, EV 93.1 MPH)
|
Batting: RHB Branden Mackie
|
0-0: Ball 1-0: Ball 2-0: Foul Ball, location: 2F 2-1: Ground out 3-1 (Groundball, 34S, EV 82.5 MPH)
|
Bottom of the 9th over - 0 runs, 0 hits, 0 errors, 0 left on base; Charleston 6 - Beloit 4 |
|